 Dungeon Crawl Stone Soup version 0.20.1-1-g8b1a95d66d (webtiles) character file.

61547 regularjogger the Peltast (level 15, -9/132 HPs)
             Began as a Hill Orc Fighter on Oct 27, 2017.
             Was a High Priest of Makhleb.
             Mangled by a cyclops (18 damage)
             ... on level 1 of the Orcish Mines on Feb 21, 2018.
             The game lasted 03:26:22 (21461 turns).

regularjogger the Peltast (Hill Orc Fighter)       Turns: 21461, Time: 03:26:22

Health: -9/132     AC: 19    Str: 21    XL:     15   Next: 3%
Magic:  24/24      EV: 20    Int:  8    God:    Makhleb [*****.]
Gold:   2216       SH: 14    Dex: 15    Spells: 14/14 levels left

rFire    + . .     SeeInvis .   y - +3 flail (crush)
rCold    . . .     Gourm    .   J - +0 shield {AC+3}
rNeg     . . .     Faith    .   z - +3 scale mail {rF+}
rPois    .         Spirit   .   Q - +0 helmet
rElec    .         Reflect  .   w - scarf {repulsion}
rCorr    .         Harm     .   K - +0 pair of gloves
MR       +....                  O - +0 pair of boots
Stlth    ..........             (no amulet)
Regen    0.4/turn               X - +5 ring of evasion
MPRegen  0.2/turn               l - +6 ring of evasion

@: drained, repel missiles
A: no striking features
a: Minor Destruction, Lesser Servant of Makhleb, Major Destruction, Greater
Servant of Makhleb, Renounce Religion


You were on level 1 of the Orcish Mines.
You worshipped Makhleb.
Makhleb was extremely pleased with you.
You were not hungry.

You visited 4 branches of the dungeon, and saw 21 of its levels.
You also visited: Ice Cave.

You collected 2216 gold pieces.

Inventory:

Hand Weapons
 d - a +0 whip of venom
 h - a +1 hand axe of electrocution
 m - a +4 flail
 s - a +3 flail
 x - a +5 dagger of holy wrath
 y - a +3 flail of crushing (weapon)
 I - a +0 war axe of venom
 M - a +2 war axe
 S - a +3 antimagic whip
 T - a +2 mace of venom
Armour
 w - a scarf of repulsion (worn)
 z - a +3 scale mail of fire resistance (worn)
 J - a +0 shield of protection (worn)
 K - a +0 pair of gloves (worn)
 N - a +0 troll leather armour
 O - a +0 pair of boots (worn)
 Q - a +0 helmet (worn)
Jewellery
 a - an uncursed ring of flight
 e - an uncursed ring of protection from magic
 l - a +6 ring of evasion (right hand)
 X - a +5 ring of evasion (left hand)
Scrolls
 c - a scroll of silence {unknown}
 i - 3 scrolls of recharging {unknown}
 j - 2 scrolls of fear {unknown}
 k - 3 scrolls of amnesia {unknown}
 n - 5 scrolls of enchant armour {unknown}
 o - 4 scrolls of summoning
 q - 6 scrolls of remove curse
 r - 6 scrolls of magic mapping
 t - 7 scrolls of teleportation
 v - 2 scrolls of noise {unknown}
 B - 2 scrolls of blinking {unknown}
 G - 3 scrolls of enchant weapon
 H - 4 scrolls of immolation {unknown}
 P - 3 scrolls of identify
Potions
 b - 3 potions of berserk rage
 g - 8 potions of heal wounds
 p - 7 potions of flight
 u - 5 potions of agility
 A - 4 potions of curing
 C - 2 potions of ambrosia
 D - a potion of invisibility {unknown}
 E - 3 potions of haste {unknown}
 F - 2 potions of resistance
Miscellaneous
 L - a phial of floods
Comestibles
 R - 4 meat rations


   Skills:
 + Level 12.0(11.7) Fighting
 + Level 15.0(14.7) Maces & Flails
 + Level 11.8(11.5) Armour
 - Level 15.0(14.7) Shields
 + Level 12.2(12.0) Invocations


You had 14 spell levels left.
You didn't know any spells.

Dungeon Overview and Level Annotations

Branches:
Dungeon (12/15)            Temple (1/1) D:4            Lair (6/6) D:9
  Swamp (0/4) Lair:4       Spider (0/4) Lair:2        Slime (0/5) Lair:6
    Orc (2/2) D:12            Elf (0/3) Orc:2

Altars:
Ashenzari
Cheibriados
Dithmenos
Elyvilon
Fedhas
Gozag
Hepliaklqana
Kikubaaqudgha
Makhleb
Nemelex Xobeh
Okawaru
Qazlal
Ru
Sif Muna
Trog
Uskayaw
Vehumet
Xom
Yredelemnul
Zin
The Shining One

Shops:
D:4 *   D:8 :   Orc:2 ?*=[

Portals:
Hell: Lair:6

Annotations:
D:7 1 runed door


Message History

You block the cyclops's attack. You block the cyclops's attack.
The cyclops misses you. The cyclops hits you!!
* * * LOW HITPOINT WARNING * * *
The cyclops misses you. You block the cyclops's attack.
The cyclops completely misses you. You block the cyclops's attack.
The cyclops hits you!
* * * LOW HITPOINT WARNING * * *
The cyclops misses you. The cyclops hits you!!
* * * LOW HITPOINT WARNING * * *
You block the cyclops's attack. You block the cyclops's attack.
You block the cyclops's attack. You block the cyclops's attack.
The cyclops hits you!!
You die...

.......## ###..#.#### ........##
##.......#.## .........#
##...........# .........#
#............##
.........###.............##
..............>...........##
.##.......(...(............#####
#.###............#..........##.##
##.####........C@##....[........#
#...#......(.........<.[.....#.##
....##........[[.......[....####
..............[.(...((....###
..........#...)[.........##
..........##..........#.##
.........####.........###
........## ##.......## ..#..##.##
####....#


You could see a cyclops.

Vanquished Creatures
  5 hydras
  A hell beast (Lair:6)
  A catoblepas (Lair:6)
  3 centaur warriors (Orc:2)
  The ghost of toffzen the Fighter, a novice DrBe of Trog (Lair:2)
  3 two-headed ogres
  An orc high priest (Orc:2)
  4 skeletal warriors (D:12)
  An unseen horror (D:12)
  2 wizards
  The ghost of Timinator the Basher, a novice MiBe of Trog (D:6)
  The ghost of shachar58 the Caller, a novice DrSu of Sif Muna (D:8)
  2 orc knights
  2 ugly things
  An orc sorcerer (D:12)
  A deep elf mage (D:10)
  A cyclops (Orc:1)
  8 elephants
  A gargoyle (D:10)
  A black mamba (Lair:5)
  A smoke demon (Lair:6)
  9 spiny frogs
  An orange demon (Lair:6)
  3 rime drakes
  A centaur skeleton (D:11)
  11 komodo dragons
  5 trolls
  2 ice devils (Lair:6)
  2 red devils (Lair:6)
  2 polar bears
  5 blink frogs (Lair:5)
  5 slime creatures (D:12)
  A dream sheep (Lair:6)
  10 hippogriffs
  2 wyverns
  2 redbacks (Lair:2)
  46 yaks
  A wraith (D:12)
  The ghost of thelegendofawesome the Cudgeler, an amateur MiBe of Trog (D:5)
  3 hogs (D:9)
  A human (D:9)
  3 hungry ghosts
  3 vampire mosquitoes (D:12)
  2 steam dragons
  2 basilisks (Lair:6)
  Eustachio (D:4)
  3 wargs
  An acid dragon (D:12)
  A soldier ant (D:12)
  2 hell hounds (Lair:6)
  5 porcupines
  10 water moccasins
  2 black bears
  An eye of draining (D:9)
  31 orc warriors
  15 ice beasts
  3 sky beasts
  A phantom (D:11)
  A necrophage (D:12)
  4 wolves (Lair:5)
  11 ogres
  16 centaurs
  13 crocodiles
  A big kobold (D:8)
  22 bullfrogs
  2 gnoll sergeants
  4 scorpions
  A water moccasin skeleton (D:7)
  5 killer bees (D:11)
  4 wights (D:9)
  6 crimson imps
  A quasit (D:10)
  19 orc wizards
  5 hounds
  6 jellies
  18 orc priests
  A gnoll shaman (D:5)
  Terence (D:3)
  2 iguanas (Lair:4)
  Natasha (D:4)
  3 worker ants
  A hound zombie (D:9)
  A mummy (D:5)
  2 worker ant zombies
  A howler monkey skeleton (D:4)
  5 adders
  17 gnolls
  2 river rats (Lair:1)
  4 shadow imps
  3 oozes (Lair:6)
  2 adder skeletons
  An adder zombie (D:7)
  A worm (D:3)
  A dart slug (D:1)
  3 leopard geckos
  84 orcs
  2 ball pythons
  2 bat zombies (D:7)
  5 giant cockroaches
  7 goblins
  9 hobgoblins
  5 jackals
  3 quokkas
  6 bats
  4 frilled lizards
  10 kobolds
  3 leopard gecko skeletons
  7 rats
  A fungus (Lair:6)
  A plant (Lair:1)
581 creatures vanquished.

Vanquished Creatures (collateral kills)
  A catoblepas (Lair:5)
  A centaur warrior (Orc:2)
  An orc high priest (Orc:1)
  An orc knight (Orc:2)
  An orc sorcerer (Orc:2)
  An elephant (Lair:6)
  A black mamba (Lair:5)
  A spiny frog (Lair:6)
  A jumping spider (Lair:2)
  A red devil (Lair:6)
  3 yaks
  2 hell hounds (Lair:6)
  A water moccasin (Lair:2)
  4 orc warriors (Orc:2)
  2 ice beasts (IceCv)
  A centaur (Orc:2)
  A bullfrog (Lair:5)
  An orc wizard (Orc:1)
  5 orcs
30 creatures vanquished.

Vanquished Creatures (others)
  3 orcs
  3 fungi
  A plant (Lair:5)
7 creatures vanquished.

Grand Total: 618 creatures vanquished

Notes
Turn   | Place    | Note
-------+----------+-------------------------------------------
     0 | D:1      | regularjogger the Hill Orc Fighter began the quest for the Orb.
     0 | D:1      | Reached XP level 1. HP: 19/19 MP: 1/1
   212 | D:1      | Reached XP level 2. HP: 26/26 MP: 2/2
   659 | D:1      | Reached XP level 3. HP: 31/31 MP: 3/3
  1938 | D:3      | Reached XP level 4. HP: 34/39 MP: 4/4
  1941 | D:3      | Reached skill level 5 in Maces & Flails
  2077 | D:3      | Reached XP level 5. HP: 6/45 MP: 5/5
  2270 | D:3      | Noticed Terence
  2280 | D:3      | Killed Terence
  2612 | D:4      | Noticed Eustachio
  2637 | D:4      | Killed Eustachio
  2637 | D:4      | Reached XP level 6. HP: 44/51 MP: 6/6
  2652 | D:4      | Found a staircase to the Ecumenical Temple.
  2681 | Temple   | Entered the Ecumenical Temple
  3020 | D:4      | Noticed Natasha
  3038 | D:4      | Killed Natasha
  3053 | D:4      | Found Ucho's Assorted Antiques.
  3233 | D:4      | Reached XP level 7. HP: 42/57 MP: 7/7
  3384 | D:4      | Found a shadowy altar of Dithmenos.
  3405 | D:5      | Entered Level 5 of the Dungeon
  3502 | D:5      | Found a stormy altar of Qazlal.
  3507 | D:5      | Noticed a fire elemental
  3507 | D:5      | Noticed an air elemental
  3507 | D:5      | Noticed a water elemental
  3644 | D:5      | Found a snail-covered altar of Cheibriados.
  3746 | D:5      | Found a glowing golden altar of the Shining One.
  3797 | D:5      | Reached XP level 8. HP: 42/64 MP: 8/8
  4041 | D:5      | Reached skill level 10 in Maces & Flails
  4067 | D:5      | Noticed thelegendofawesome's ghost (amateur MiBe)
  4082 | D:5      | Killed thelegendofawesome's ghost
  4327 | D:6      | Noticed Timinator's ghost (novice MiBe)
  4351 | D:6      | Killed Timinator's ghost
  4351 | D:6      | Reached XP level 9. HP: 20/70 MP: 9/9
  5358 | D:7      | Found a burning altar of Makhleb.
  5366 | D:7      | Became a worshipper of Makhleb the Destroyer
  5433 | D:7      | Reached skill level 1 in Invocations
  5540 | D:7      | Found an ancient bone altar of Kikubaaqudgha.
  5831 | D:7      | Noticed an angel
  5832 | D:7      | Found a white marble altar of Elyvilon.
  5834 | D:7      | Found a runed door.
  6215 | D:8      | Noticed shachar58's ghost (novice DrSu)
  6231 | D:8      | Killed shachar58's ghost
  6234 | D:8      | Found Futs's Book Boutique.
  6292 | D:8      | Reached * piety under Makhleb
  6392 | D:8      | Reached XP level 10. HP: 77/77 MP: 13/13
  6438 | D:8      | You fall through a shaft for 2 floors!
  6438 | D:10     | Entered Level 10 of the Dungeon
  6575 | D:10     | Reached skill level 5 in Invocations
  6963 | D:9      | Found a staircase to the Lair.
  7478 | D:8      | Reached ** piety under Makhleb
  7715 | D:8      | Noticed a two-headed ogre
  7734 | D:8      | Killed a two-headed ogre
  7734 | D:8      | Reached skill level 5 in Fighting
  7947 | D:9      | Identified the Incunabulum of Black Magic
  8108 | D:9      | Reached skill level 5 in Armour
  8367 | Lair:1   | Entered Level 1 of the Lair of Beasts
  8456 | Lair:1   | Noticed a spiny frog
  8465 | Lair:1   | Killed a spiny frog
  8465 | Lair:1   | Reached XP level 11. HP: 91/91 MP: 17/17
  9114 | Lair:1   | Found an iron altar of Okawaru.
  9195 | Lair:1   | Reached *** piety under Makhleb
  9742 | Lair:2   | Noticed toffzen's ghost (novice DrBe)
  9797 | Lair:2   | Killed toffzen's ghost
  9888 | Lair:2   | Found a hole to the Spider Nest.
 10307 | Lair:3   | Reached skill level 10 in Invocations
 10415 | Lair:3   | Reached skill level 10 in Fighting
 10445 | Lair:3   | Reached XP level 12. HP: 95/106 MP: 19/19
 10484 | Lair:3   | Reached skill level 5 in Shields
 10633 | Lair:3   | Got a bone long sword
 10795 | Lair:3   | Reached **** piety under Makhleb
 11343 | Lair:4   | Found a staircase to the Swamp.
 11344 | Lair:4   | Noticed a six-headed hydra
 11479 | Lair:4   | Killed a six-headed hydra
 11507 | Lair:4   | Noticed a six-headed hydra
 11518 | Lair:4   | Killed a six-headed hydra
 11518 | Lair:4   | Reached skill level 10 in Armour
 12024 | Lair:5   | Noticed a four-headed hydra
 12033 | Lair:5   | Killed a four-headed hydra
 12081 | Lair:5   | Reached skill level 10 in Shields
 12353 | Lair:5   | Noticed a catoblepas
 12494 | Lair:5   | Upgraded the game from 0.20.1-1-g8b1a95d to 0.20.1-1-g8b1a95d66d
 12807 | Lair:5   | Reached XP level 13. HP: 113/113 MP: 20/20
 13179 | Lair:6   | Entered Level 6 of the Lair of Beasts
 13829 | Lair:6   | Reached ***** piety under Makhleb
 14039 | Lair:6   | Found a staircase to the Slime Pits.
 14571 | Lair:6   | Found a burning altar of Makhleb.
 15403 | Lair:6   | Found a gateway to Hell.
 16336 | D:10     | Reached skill level 15 in Shields
 16756 | D:11     | Reached XP level 14. HP: 121/121 MP: 21/21
 17558 | D:12     | Paralysed by a wizard for 2 turns
 17883 | D:12     | Found a staircase to the Orcish Mines.
 17899 | D:12     | Reached ****** piety under Makhleb
 18623 | Orc:1    | Entered Level 1 of the Orcish Mines
 18924 | Orc:1    | Found a frozen archway.
 19000 | IceCv    | Entered an ice cave
 19030 | IceCv    | Found a transporter.
 19065 | IceCv    | Noticed brujo666's ghost (journeyman DDFi)
 20118 | Orc:2    | Entered Level 2 of the Orcish Mines
 20358 | Orc:2    | Found a staircase to the Elven Halls.
 20724 | Orc:2    | Reached skill level 15 in Maces & Flails
 20738 | Orc:2    | Found Vablao's Jewellery Boutique.
 20738 | Orc:2    | Found Emed's Assorted Antiques.
 20745 | Orc:2    | Reached XP level 15. HP: 74/132 MP: 24/24
 20824 | Orc:2    | Found Itikhigu's Antique Armour Shop.
 20826 | Orc:2    | Found Ilagoyc's Magic Scroll Emporium.
 21461 | Orc:1    | Mangled by a cyclops

Skill      XL: |  1  2  3  4  5  6  7  8  9 10 11 12 13 14 15 |
---------------+----------------------------------------------+-----
Maces & Flails | 3 4 5 7 8 9 12 13 14 15 | 15.0
Shields        | 4 11 15 | 15.0
Invocations    | 4 8 10 12 | 12.2
Fighting       | 6 10 11 12 | 12.0
Armour         | 6 9 10 11 | 11.8

Action                   |  1- 3 |  4- 6 |  7- 9 | 10-12 | 13-15 || total
-------------------------+-------+-------+-------+-------+-------++-------
Melee: Flail             |    68 |   121 |   289 |   807 |  1411 ||  2696
       Club              |   109 |       |       |       |       ||   109
Invok: Lesser Servant of |       |       |       |     4 |    20 ||    24
       Major Destruction |       |       |       |     1 |     2 ||     3
  Use: Potion            |       |     1 |     1 |       |     3 ||     5
       Scroll            |       |       |       |    17 |     3 ||    20
 Stab: Distracted        |       |       |       |     3 |     4 ||     7
  Eat: Chunk             |     3 |     4 |     7 |     2 |    17 ||    33
       Fruit             |       |     1 |     2 |       |     6 ||     9
       Meat ration       |       |       |     1 |     3 |     1 ||     5
       Royal jelly       |       |       |       |       |     2 ||     2
Armor: Scale mail        |    84 |    47 |    75 |   183 |   301 ||   690
Dodge: Dodged            |   102 |   100 |   170 |   464 |   835 ||  1671
       Deflected         |       |       |       |     1 |    23 ||    24
Block: Buckler           |       |       |    57 |   153 |   112 ||   322
       Shield            |       |       |       |       |   783 ||   783
